 Dungeon Crawl Stone Soup version 0.21.1-1-g345015fe64 (webtiles) character file.

51 Gargoyl the Skirmisher (level 3, 0/46 HPs)
             Began as a Centaur Abyssal Knight on May 3, 2018.
             Was a Follower of Lugonu.
             Slain by a frilled lizard (2 damage)
             ... on level 2 of the Dungeon.
             The game lasted 00:04:09 (1506 turns).

Gargoyl the Skirmisher (Centaur Abyssal Knight)     Turns: 1506, Time: 00:04:09

Health: 0/46       AC: 21    Str: 14    XL:     3   Next: 57%
Magic:  4/4        EV:  1    Int: 11    God:    Lugonu [*.....]
Gold:   57         SH:  6    Dex:  9    Spells: 2/2 levels left

rFire    . . .     SeeInvis +   e - +0 broad axe
rCold    . . .     Gourm    .   d - +0 shield
rNeg     + + +     Faith    .   (armour currently unavailable)
rPois    +         Spirit   .   (helmet currently unavailable)
rElec    .         Reflect  .   (cloak currently unavailable)
rCorr    .         Harm     .   (gloves currently unavailable)
MR       .....     Clarity  +   (no barding) Stlth +.........NoTele +
                                (no amulet)
HPRegen  0.15/turn              (no ring)
MPRegen  0.09/turn              (no ring)

@: lethally poisoned (0 -> -1), tree-form, very slightly contaminated, invisible
A: large, see invisible, clarity
a: Depart the Abyss, Renounce Religion


You were on level 2 of the Dungeon.
You worshipped Lugonu.
Lugonu was aware of your devotion.
You were not hungry.
You were a tree.
You visited 1 branch of the dungeon, and saw 2 of its levels.
You visited the Abyss 1 time.

You collected 57 gold pieces.

Inventory:

Hand Weapons
 a - a +1 hand axe
 e - a +0 broad axe (weapon)
Armour
 d - a +0 shield (worn)
 j - a +0 ring mail (melded)
Scrolls
 b - 2 scrolls of amnesia
 h - a scroll of remove curse
 l - 2 scrolls of fog {unknown}
Comestibles
 c - 3 rations


   Skills:
 + Level 3.4 Fighting
 + Level 2.3 Axes
 * Level 1.8 Armour
 + Level 0.9 Dodging
 + Level 0.1 Shields
 * Level 2.6 Invocations


You had 2 spell levels left.
You didn't know any spells.

Dungeon Overview and Level Annotations

Branches:
Dungeon (2/15)

Altars:

Annotations:
D:2 Terence


Innate Abilities, Weirdness & Mutations

((You have hooves in place of feet.))
((Armour fits poorly on your strangely shaped body.))
((You cover ground very quickly.))
((You have extremely tough skin. (AC +3)))
You have supernaturally acute eyesight. (SInv)
You possess an exceptional clarity of mind.


Message History

The frilled lizard bites you but does no damage.
The frilled lizard bites you.
* * * LOW HITPOINT WARNING * * *
Unknown command.
Your shield prevents you from hitting the frilled lizard.
You catch the helpless frilled lizard completely off-guard!
You slash the frilled lizard!
You kill the frilled lizard!
Lugonu accepts your kill. The frilled lizard bites you.
* * * LOW HITPOINT WARNING * * *
Your shield prevents you from hitting the frilled lizard.
The frilled lizard bites you but does no damage. x2
Unknown command.
You catch the helpless frilled lizard completely off-guard!
You hit the frilled lizard.
The frilled lizard is heavily wounded.
* * * LOW HITPOINT WARNING * * *
You feel sick. The frilled lizard bites you.
You die...

*,,,,,###.* *..#..... #....,* #,*
*#.#.###. #....** *,******...# *,
***#....* *,,,,,,*#..# *,
*,,,....###******,*,,.#**, ***
*,*,*.....##* *,,,,,,*** ,,*
*,,,,,#....,*## ***.*,,,,, ,,*
**,,**#...#,,.##*...*,*,,, ,,**
*,,,**#.†♣#**..#....,,,,,,
,,,*****,,*#...#l###.......,,*,,,
**,,,,,,,,*#..,#@........#*>,,,,,
*,,,,**,,*#.,,#.........#***,,,,
***,,,,,,..,,,#......#### *,,,,
****,*,,,..*,,....?...#******,,,,
,,,,,,,,*#,,............,,,,,,,,,
,,,,,,,,,,,.)..#.........,,,,**,,
,,,,,,,,***....#..........,,**,,*


You could see Terence and a frilled lizard.

Vanquished Creatures
  An adder (D:2)
  3 leopard geckos (D:1)
  A ball python (D:1)
  6 bats (D:1)
  2 giant cockroaches (D:1)
  7 goblins
  A hobgoblin (D:1)
  3 jackals (D:1)
  3 kobolds (D:1)
  3 frilled lizards
  5 rats (D:1)
35 creatures vanquished.

Notes
Turn   | Place    | Note
-------+----------+-------------------------------------------
     0 | Abyss:1  | Gargoyl the Centaur Abyssal Knight began the quest for the Orb.
     0 | Abyss:1  | Reached XP level 1. HP: 19/19 MP: 2/2
   122 | Abyss:2  | Noticed a raiju
   127 | Abyss:2  | Noticed a raiju
   129 | Abyss:2  | Noticed a raiju
   147 | Abyss:3  | Noticed a brown very ugly thing
   147 | Abyss:3  | Noticed a brown very ugly thing
   147 | Abyss:3  | Noticed a brown very ugly thing
   147 | Abyss:3  | Noticed a brown very ugly thing
   147 | Abyss:3  | Noticed a brown very ugly thing
   166 | Abyss:3  | Noticed a long sword of holy wrath
   169 | D:1      | Escaped the Abyss
   565 | D:1      | Reached * piety under Lugonu
   570 | D:1      | Reached XP level 2. HP: 20/26 MP: 3/3
  1019 | D:1      | Reached XP level 3. HP: 31/31 MP: 4/4
  1485 | D:2      | Noticed Terence
  1496 | D:2      | Gained mutation: You possess an exceptional clarity of mind. [potion of mutation]
  1496 | D:2      | Gained mutation: You have supernaturally acute eyesight. (SInv) [potion of mutation]
  1506 | D:2      | HP: 2/46 [poisoned by an adder]
  1506 | D:2      | Slain by a frilled lizard

Skill      XL: |  1  2 |
---------------+-------+-----
Axes           | 2 |  2.3
Fighting       | |  3.4
Armour         | |  1.8
Dodging        | |  0.9
Shields        | |  0.1
Invocations    | |  2.6

Action                   || total
-------------------------++-------
Melee: Broad axe         ||   107
       Kick              ||    18
Invok: Depart the Abyss  ||     1
  Use: Scroll            ||     6
       Potion            ||     4
 Stab: Invisible         ||     3
  Eat: Chunk             ||     1
Armor: Leather armour    ||    19
       Ring mail         ||    70
       Skin              ||     8
Dodge: Dodged            ||    37
Block: Shield            ||    62
